Map: 에버 드림 - 래더

Players

Kelazhur

  • Race: Terran Terran
  • League: Master
  • Spawn Location: 7:00

Solar - Winner!

  • Race: Zerg Zerg
  • Spawn Location: 1:00

Event: StayAtHomestory Cup #2

VOD

Have the link to the VOD?

Description

Time

  • Played on: June 11, 2020, 2:18 p.m.
  • Length: 8:07

All games in this series

Show
View Real Time Build Order
Export as new Build Order

Kelazhur Terran 

Build Orders: Hellion Opening, Reaper Expand 

Get SALT Encoding   

  12  0:00  SCV  
  13  0:13  SCV  
  14  0:17  Supply Depot  
  14  0:25  SCV  
  15  0:38  SCV  
  15  0:39  Barracks  
  16  0:43  Refinery  
  16  0:50  SCV  
  17  1:02  SCV  
  18  1:14  SCV  
  19  1:26  Reaper  
  19  1:27  Orbital Command  
  20  1:38  Command Center  
  20  1:47  Supply Depot  
  20  1:52  SCV  
  21  1:58  Marine  
  22  2:03  Factory  
  22  2:05  SCV  
  23  2:10  Refinery  
  23  2:18  SCV  
  23  2:20  Barracks Reactor  
  24  2:30  SCV  
  25  2:42  SCV  
  26  2:51  Starport  
  26  2:52  Orbital Command  
  26  2:54  SCV  
  27  3:02  Hellion x2  
  31  3:08  SCV  
  32  3:14  Barracks Tech Lab  
  32  3:18  SCV  
  33  3:20  SCV  
  33  3:24  Hellion x2  
  33  3:25  Supply Depot  
  38  3:28  Viking  
  42  3:34  SCV x2  
  44  3:50  Marauder  
  44  3:51  SCV, Hellion x2  
  44  3:52  SCV  
  50  3:57  Supply Depot  
  50  3:59  Medivac  
  52  4:03  Armory  
  52  4:07  SCV x2  
  54  4:10  Concussive Shells  
  54  4:19  Hellion x2, Marauder, Supply Depot  
  54  4:22  SCV x2  
  62  4:41  SCV, Hellion x2  
  62  4:43  SCV  
  68  4:49  Supply Depot  
  68  4:52  Supply Depot  
  68  4:53  SCV  
  68  4:56  SCV  
  70  5:11  SCV x2, Hellion, Liberator  
  70  5:12  Hellion  
  75  5:18  Command Center  
  70  5:23  SCV x2  
  63  5:33  Hellion  
  63  5:34  Hellion  
  68  5:35  SCV  
  66  5:43  SCV  
  63  5:50  SCV, Stimpack, Marine  
  63  5:53  Barracks  
  63  5:54  Hellion  
  63  5:55  Hellion  
  63  5:56  SCV, Barracks  
  70  6:02  SCV  
  70  6:03  Refinery  
  70  6:04  Engineering Bay, Refinery  
  71  6:06  Engineering Bay  
  71  6:08  SCV  
  71  6:10  Starport Reactor  
  72  6:14  SCV  
  72  6:15  Hellion  
  72  6:16  Hellion  
  77  6:19  Marine  
  77  6:20  SCV  
  77  6:23  Barracks x2  
  79  6:26  SCV  
  79  6:32  SCV, Orbital Command  
  81  6:38  SCV  
  79  6:44  SCV, Barracks Reactor  
  80  6:49  Factory Tech Lab  
  80  6:50  SCV, Orbital Command  
  80  6:53  Supply Depot  
  80  6:54  Supply Depot, Marine x3  
  81  6:58  SCV  
  77  7:13  Barracks Reactor x2  
  77  7:18  Barracks  
  77  7:19  Marine, Barracks  
  77  7:20  SCV, Marine x2, Barracks  
  77  7:21  SCV, Medivac x2  
  80  7:27  SCV  
  80  7:28  Marine x2  
  80  7:32  Factory  
  80  7:33  SCV  
  80  7:34  Factory Reactor  
  81  7:40  Supply Depot  
  81  7:41  SCV x2  
  81  7:44  Marine x2  
  84  7:45  SCV  
  84  7:48  Marine  
  85  7:53  SCV x2  
Show
View Real Time Build Order
Export as new Build Order

Solar Zerg - Winner!

Build Orders: Hatch First, Muta Ling Bane 

Get SALT Encoding   

  12  0:01  Drone  
  13  0:12  Overlord  
  13  0:17  Drone  
  14  0:30  Drone  
  14  0:31  Drone  
  16  0:48  Hatchery  
  15  0:52  Drone  
  15  0:55  Drone  
  17  0:58  Drone  
  18  1:11  Extractor  
  18  1:15  Spawning Pool  
  18  1:18  Drone  
  17  1:23  Drone  
  18  1:28  Drone  
  19  1:39  Drone  
  20  1:50  Overlord  
  20  2:01  Zergling x4  
  20  2:02  Queen x2  
  26  2:11  Drone x2  
  28  2:33  Spore Crawler  
  28  2:34  Hatchery  
  28  2:35  Drone  
  28  2:37  Drone  
  28  2:38  Metabolic Boost  
  28  2:41  Drone  
  30  2:48  Queen  
  32  2:53  Overlord  
  32  2:55  Drone  
  32  2:58  Drone  
  34  3:04  Drone x2  
  36  3:12  Drone x3  
  39  3:13  Drone x2  
  41  3:23  Overlord, Queen  
  43  3:27  Drone  
  43  3:31  Overlord  
  44  3:42  Drone  
  44  3:43  Zergling x2, Drone  
  44  3:45  Queen  
  44  3:46  Drone  
  44  3:47  Drone x2  
  52  3:49  Overlord  
  52  3:50  Zergling x2  
  52  3:53  Drone  
  54  3:56  Zergling x2  
  54  3:58  Drone x3  
  58  4:03  Baneling Nest  
  58  4:07  Queen  
  58  4:09  Zergling x4  
  61  4:13  Drone  
  61  4:14  Spore Crawler  
  61  4:16  Zergling x2  
  62  4:17  Drone x2  
  62  4:20  Drone  
  65  4:24  Spore Crawler, Drone  
  65  4:25  Drone  
  65  4:27  Overlord  
  66  4:33  Overlord  
  66  4:36  Overlord  
  65  4:39  Overlord  
  65  4:42  Overlord  
  65  4:45  Queen  
  65  4:46  Extractor  
  65  4:47  Extractor  
  65  4:48  Drone x3  
  65  4:49  Zergling x2  
  65  4:51  Baneling  
  65  4:52  Baneling x2  
  69  4:54  Drone  
  69  4:57  Lair  
  69  4:59  Drone x3  
  73  5:03  Zergling x6  
  73  5:06  Zergling x4  
  78  5:08  Baneling x2  
  75  5:14  Zergling x2  
  75  5:15  Zergling x2  
  75  5:17  Zergling x8  
  75  5:19  Queen  
  77  5:25  Queen  
  77  5:27  Zergling x10  
  76  5:35  Zergling x10  
  72  5:43  Zergling x2  
  72  5:48  Drone x2  
  74  5:54  Drone, Extractor  
  74  5:55  Extractor  
  74  5:56  Queen  
  75  5:57  Drone x2  
  75  6:02  Extractor  
  75  6:04  Drone  
  77  6:05  Spire  
  77  6:08  Baneling x2  
  77  6:09  Drone x2  
  78  6:16  Overlord  
  78  6:17  Drone  
  79  6:19  Drone  
  80  6:26  Drone x3  
  80  6:28  Drone x3  
  80  6:29  Drone x2  
  80  6:30  Drone  
  80  6:31  Overlord, Drone  
  90  6:34  Overlord  
  90  6:36  Baneling x2  
  88  6:40  Zergling x2  
  88  6:43  Zergling x2  
  88  6:44  Centrifical Hooks  
  90  6:47  Evolution Chamber, Drone  
  90  6:48  Evolution Chamber, Overseer  
  90  6:53  Baneling x3  
  89  6:55  Zergling x16  
  89  6:58  Baneling x4  
  89  6:59  Baneling x2  
  101  7:01  Zergling x2  
  101  7:02  Zergling x2  
  101  7:03  Overlord  
  101  7:07  Overlord  
  102  7:08  Zergling x6  
  102  7:13  Overlord  
  94  7:23  Overlord  
  94  7:24  Drone  
  94  7:25  Drone  
  94  7:26  Drone x2  
  98  7:34  Mutalisk x3  
  98  7:37  Mutalisk  
  104  7:40  Hatchery  
  104  7:41  Mutalisk x2  
Tags
 
Add a new tag
Caveats
  • Supply blocks, unpowered buildings, or Contaminate may cause inaccurate times.
  • Supply counts are checked every 10 seconds.